 Dungeon Crawl Stone Soup version 0.19-a0-1907-gcff654f (webtiles) character file.

395 Disciple the Cudgeler (level 6, -6/47 HPs)
             Began as a Demonspawn Monk on Oct 22, 2016.
             Mangled by dialectric's ghost (11 damage)
             ... on level 3 of the Dungeon.
             The game lasted 00:05:54 (2737 turns).

Disciple the Cudgeler (Demonspawn Monk)             Turns: 2737, Time: 00:05:55

Health: -6/47      AC:  5    Str: 12    XL:     6   Next: 52%
Magic:  6/6        EV: 13    Int: 12    God:
Gold:   186        SH:  0    Dex: 16    Spells: 0 memorised, 5 levels left

rFire  . . .     SeeInvis .     a - +0 mace
rCold  . . .     Gourm    .     x - +0 robe (curse)
rNeg   . . .     Faith    .     (no shield)
rPois  .         Spirit   .     (no helmet)
rElec  .         Reflect  .     (no cloak)
rCorr  .         Harm     .     (no gloves)
MR     .....                    w - +0 pair of boots
Stlth  ++........               (no amulet)
                                (no ring)
                                (no ring)

@: no status effects
A: iridescent scales 1, powered by death 2, spiny 2
a: no special abilities


You were on level 3 of the Dungeon.
You were not hungry.

You visited 1 branch of the dungeon, and saw 3 of its levels.
You also visited: Sewer.

You collected 186 gold pieces.

Inventory:

Hand Weapons
 a - a +0 mace (weapon)
 G - a cursed +0 blowgun
Missiles
 s - 43 poisoned needles
Armour
 p - a +0 plate armour
 w - a +0 pair of boots (worn)
 x - a cursed +0 robe (worn)
 y - a +0 robe of magic resistance
 B - a +0 buckler
Scrolls
 b - a scroll of enchant weapon {unknown}
 d - 3 scrolls of remove curse {unknown}
 e - a scroll of noise {unknown}
 h - a scroll of recharging {unknown}
 n - 3 scrolls of teleportation {unknown}
 o - 2 scrolls of fog {unknown}
 q - a scroll of amnesia {unknown}
 t - 2 scrolls of identify {unknown}
 H - a scroll of fear {unknown}
Potions
 g - 4 potions of ambrosia {unknown}
 i - 2 potions of agility {unknown}
 j - 2 potions of berserk rage {unknown}
 k - 3 potions of flight {unknown}
 l - 5 potions of heal wounds {unknown}
 m - a potion of cure mutation {unknown}
 r - a potion of lignification {unknown}
 u - a potion of magic {unknown}
 z - a potion of haste {unknown}
 C - 4 potions of brilliance {unknown}
 D - a potion of might {unknown}
 F - 2 potions of curing {unknown}
Comestibles
 c - 2 bread rations
 f - 3 chunks of flesh
 v - a royal jelly
 A - a slice of pizza


   Skills:
 - Level 3.0 Fighting
 + Level 6.8 Maces & Flails
 - Level 2.6 Dodging
 - Level 1.7 Stealth


You had 5 spell levels left.
You didn't know any spells.

Dungeon Overview and Level Annotations

Branches:
Dungeon (3/15)

Altars:
Ru

Annotations:
D:3 dialectric's ghost, amateur MiCK


Innate Abilities, Weirdness & Mutations

You are partially covered in iridescent scales. (AC +2)
You regenerate health from kills.
You are mostly covered in sharp spines.


Message History

Dialectric's ghost is struck by your spines.
Dialectric's ghost closely misses you.
You hit dialectric's ghost.
Dialectric's ghost is moderately damaged.
Dialectric's ghost laughs crazily.
Dialectric's ghost is struck by your spines.
Dialectric's ghost closely misses you.
You hit dialectric's ghost.
Dialectric's ghost is heavily damaged.
Dialectric's ghost barely misses you.
You closely miss dialectric's ghost.
Dialectric's ghost is heavily damaged.
Dialectric's ghost hits you!
* * * LOW HITPOINT WARNING * * *
You convulse!
* * * LOW HITPOINT WARNING * * *
You closely miss dialectric's ghost.
Dialectric's ghost is heavily damaged.
Dialectric's ghost hits you!
You die...

..................#...########.#...
.....##.#.#.......#................
........#.#.......#............#.#.
.....####.#.......##..#.####.#.#.#.
.................................#.
.....####...............####.#...#.
......................#.####.....#(
.................................#.
........#.#.....W@..........##...#.
.................######.######...#.
.....##.#.#......# #.# #...#.
....)............######.######...#.
.....##.#.#....................[...
...#.##.#.#........................
#..#.##........#.######.######.#.##
#..#.##.#.###.)#.# #............
#..#.##.#......#.# #.######.####


You could see dialectric's ghost.

Vanquished Creatures
  2 big kobolds (Sewer)
  A hound (D:3)
  Ijyb (D:2)
  6 adders
  A gnoll (D:1)
  4 oozes
  5 worms
  7 dart slugs
  A leopard gecko (D:2)
  6 orcs (D:3)
  8 bats
  4 giant cockroaches
  2 goblins
  11 hobgoblins
  6 jackals
  16 kobolds
  2 quokkas
  6 frilled lizards
  5 rats
94 creatures vanquished.

Notes
Turn   | Place    | Note
-------+----------+-------------------------------------------
     0 | D:1      | Disciple the Demonspawn Monk began the quest for the Orb.
     0 | D:1      | Reached XP level 1. HP: 18/18 MP: 1/1
     6 | D:1      | Noticed a black mamba
     6 | D:1      | Noticed a worker ant
     6 | D:1      | Noticed a swamp worm
     7 | D:1      | Noticed a polar bear
     7 | D:1      | Noticed a swamp drake
    36 | D:1      | Reached skill level 3 in Maces & Flails
   311 | D:1      | Gained mutation: You are partially covered in iridescent scales. (AC +2) [demonic ancestry]
   311 | D:1      | Reached XP level 2. HP: 24/24 MP: 2/2
   706 | D:1      | Gained mutation: You regenerate a little health from kills. [demonic ancestry]
   706 | D:1      | Reached XP level 3. HP: 28/29 MP: 3/3
   848 | D:1      | Reached skill level 4 in Maces & Flails
  1121 | D:2      | Gained mutation: You are partially covered in sharp spines. [demonic ancestry]
  1121 | D:2      | Reached XP level 4. HP: 34/35 MP: 4/4
  1320 | D:2      | Noticed Ijyb
  1331 | D:2      | Killed Ijyb
  1331 | D:2      | Reached skill level 5 in Maces & Flails
  1468 | D:2      | Gained mutation: You are mostly covered in sharp spines. [demonic ancestry]
  1468 | D:2      | Reached XP level 5. HP: 41/41 MP: 5/5
  1861 | D:3      | Found a sacrificial altar of Ru.
  2011 | D:3      | Found a glowing drain.
  2019 | Sewer    | Entered a sewer
  2211 | Sewer    | Reached skill level 6 in Maces & Flails
  2211 | Sewer    | Gained mutation: You regenerate health from kills. [demonic ancestry]
  2211 | Sewer    | Reached XP level 6. HP: 47/47 MP: 6/6
  2721 | D:3      | Noticed dialectric's ghost (amateur MiCK)
  2737 | D:3      | Mangled by dialectric's ghost

Vault maps used:
D:1:      onia_arrival_zoo_common, hangedman_decor_points, corexii_corridor_pit,
          minmay_pentomino_u4
D:2:      uniq_iyjb
D:3:      old_standard_altar, lightli_sewer_entry_pipes, first_bread,
          st_stairs_3
Sewer:    kennysheep_pipe_town

Skill      XL: |  1  2  3  4  5 |
---------------+----------------+-----
Maces & Flails | 3 4 5 6 |  6.8
Fighting       | |  3.0
Dodging        | |  2.6
Stealth        | |  1.7

Action                   |  1- 3 |  4- 6 || total
-------------------------+-------+-------++-------
Melee: Mace              |   132 |   150 ||   282
 Stab: Sleeping          |     4 |     4 ||     8
  Eat: Chunk             |     1 |     5 ||     6
Armor: Robe              |    36 |    23 ||    59
Dodge: Dodged            |   100 |   100 ||   200
